 Dungeon Crawl Stone Soup version 0.23.2-1-ga50397a (webtiles) character file.

Game seed: 5508735595316278956

480 Kairos the Shield-Bearer (level 7, -3/55 HPs)
             Began as a Formicid Fighter on Apr 16, 2019.
             Slain by a gnoll shaman
             ... wielding a +0 club
              (4 damage)
             ... on level 3 of the Dungeon.
             The game lasted 00:04:40 (2988 turns).

Kairos the Shield-Bearer (Formicid Fighter)         Turns: 2988, Time: 00:04:41

Health: -3/55      AC:  7    Str: 22    XL:     7   Next: 34%
Magic:  7/7        EV:  9    Int:  8    God:
Gold:   169        SH: 10    Dex: 10    Spells: 6/6 levels left

rFire    . . .     SeeInvis +   a - +0 quarterstaff
rCold    + . .     Gourm    .   c - +0 shield
rNeg     . . .     Faith    .   b - +0 scale mail
rPois    .         Spirit   .   (helmet unavailable)
rElec    .         Reflect  .   (no cloak)
rCorr    .         Harm     .   (no gloves)
MR       .....                  (no boots)
Stlth    ..........             (no amulet)
HPRegen  0.18/turn              e - ring of protection from cold
MPRegen  0.10/turn              (no ring)

@: no status effects
A: permanent stasis, dig shafts and tunnels, four strong arms, antennae 3
a: Dig, Shaft Self


You were on level 3 of the Dungeon.
You were near starving.

You visited 1 branch of the dungeon, and saw 3 of its levels.

You collected 169 gold pieces.

Inventory:

Hand Weapons
 a - a +0 quarterstaff (weapon)
 d - a +2 vampiric spear
Armour
 b - a +0 scale mail (worn)
 c - a +0 shield (worn)
Jewellery
 e - a ring of protection from cold (left hand)
Wands
 g - a wand of enslavement (7)
Scrolls
 j - 2 scrolls of immolation
 l - a scroll of fog {unknown}
 m - 2 scrolls of fear {unknown}
 n - a scroll of remove curse
Potions
 h - a potion of flight
 i - a potion of magic
 k - a potion of curing
Comestibles
 f - 8 rations


   Skills:
 + Level 4.6 Fighting
 + Level 4.8 Staves
 + Level 4.2 Armour
 + Level 1.4 Dodging
 + Level 5.5 Shields


You had 6 spell levels left.
You didn't know any spells.
Your spell library was empty.

Dungeon Overview and Level Annotations

Branches:
Dungeon (3/15)

Altars:


Innate Abilities, Weirdness & Mutations

You cannot be hasted, slowed, berserked, paralysed or teleported.
You can dig through walls and to a lower floor.
Your four strong arms can wield two-handed weapons with a shield.
You have a pair of large antennae on your head. (SInv)


Message History

You hit the gnoll shaman but do no damage.
The gnoll shaman is moderately wounded.
The gnoll shaman hits you with a +0 club.
* * * LOW HITPOINT WARNING * * *
The gnoll shaman hits you with a +0 club.
* * * LOW HITPOINT WARNING * * *
You hit the gnoll shaman but do no damage.
The gnoll shaman is moderately wounded.
The gnoll shaman hits you but does no damage.
You hit the gnoll shaman but do no damage.
The gnoll shaman is moderately wounded.
You are no longer glowing.
You block the gnoll shaman's attack.
The gnoll shaman hits you with a +0 club.
* * * LOW HITPOINT WARNING * * *
You closely miss the gnoll shaman.
The gnoll shaman is moderately wounded.
You block the gnoll shaman's attack.
The gnoll shaman hits you with a +0 club.
You die...

#################################
....P..........................P.
.....†P................P.........
≈≈≈≈≈††)≈≈≈≈≈≈≈≈≈≈≈≈†≈≈≈≈≈≈≈≈≈≈≈≈
≈≈≈≈≈≈≈≈≈≈≈≈≈≈≈≈≈≈≈≈≈≈≈≈≈≈≈≈≈≈≈≈≈
≈≈≈≈≈≈≈≈≈≈≈≈≈≈≈≈≈≈≈≈≈≈{≈≈≈≈#####≈
............{............{.#..g#≈
############################...#≈
#..@gg.))'....#'###≈
######'###....#.#.≈≈ { {
........#.#....#.#.≈≈ {
{......g#.##'###.#.≈≈ {
........#.#......#.≈≈ {{
........'.#......#.≈≈
#########################.#.≈≈
.......#....#.).........#.#.≈≈
.......'....).).........÷)#.≈≈


You could see 2 gnoll shamans.

Vanquished Creatures
  2 gnoll shamans (D:3)
  An orc wizard (D:3)
  28 gnolls (D:3)
  2 adders
  2 dart slugs
  2 leopard geckos (D:1)
  2 orcs (D:3)
  7 bats
  4 giant cockroaches
  15 hobgoblins
  21 jackals
  A kobold (D:1)
  A quokka (D:2)
  3 ball pythons
  3 frilled lizards
  11 goblins
  7 rats
112 creatures vanquished.

Notes
Turn   | Place    | Note
-------+----------+-------------------------------------------
     0 | D:1      | Kairos the Formicid Fighter began the quest for the Orb.
     0 | D:1      | Reached XP level 1. HP: 18/18 MP: 1/1
    90 | D:1      | Reached XP level 2. HP: 19/24 MP: 2/2
   348 | D:1      | Reached XP level 3. HP: 25/30 MP: 3/3
   758 | D:2      | Reached skill level 4 in Shields
   782 | D:2      | Reached XP level 4. HP: 37/37 MP: 4/4
  1585 | D:3      | Reached XP level 5. HP: 41/42 MP: 5/5
  2157 | D:3      | Reached skill level 5 in Shields
  2166 | D:3      | Reached XP level 6. HP: 43/48 MP: 6/6
  2352 | D:3      | Reached skill level 1 in Dodging
  2541 | D:3      | Reached XP level 7. HP: 15/55 MP: 7/7
  2985 | D:3      | HP: 2/55 [gnoll shaman/+0 club (3)]
  2988 | D:3      | Slain by a gnoll shaman

Skill      XL: |  1  2  3  4  5  6 |
---------------+-------------------+-----
Shields        | 4 5 |  5.5
Staves         | 3 4 |  4.8
Fighting       | 4 |  4.6
Armour         | 4 |  4.2
Dodging        | 1 |  1.4

Action                   |  1- 3 |  4- 6 |  7- 9 || total
-------------------------+-------+-------+-------++-------
Melee: Quarterstaff      |   105 |   279 |    61 ||   445
  Use: Scroll            |     3 |     3 |       ||     6
       Potion            |       |     1 |     2 ||     3
  Eat: Chunk             |       |     6 |       ||     6
Armor: Scale mail        |    48 |   101 |    16 ||   165
Dodge: Dodged            |    47 |    89 |    13 ||   149
Block: Shield            |    65 |   147 |    46 ||   258
